 Dungeon Crawl Stone Soup version 0.30-b1-2-g02819fbbbe (webtiles) character file.

Game seed: 16729521326455291467

1255 LLlMATKO the Trooper (level 8, -6/73 HPs)
             Began as a Minotaur Berserker on June 21, 2023.
             Was a Priest of Trog.
             Mangled by a vampire (7 damage)
             ... on level 5 of the Dungeon.
             The game lasted 00:04:55 (4508 turns).

LLlMATKO the Trooper (Minotaur Berserker)           Turns: 4508, Time: 00:04:56

Health: -6/73      AC: 14    Str: 30    XL:     8   Next: 26%
Magic:  7/7        EV:  9    Int:  4    God:    Trog [***...]
Gold:   374        SH:  5    Dex: 10    Spells: 7/7 levels left

rFire   . . .        w - +0 war axe
rCold   . . .        (no shield)
rNeg    . . .        k - +0 plate armour
rPois   .            (helmet restricted)
rElec   .            x - +0 cloak
rCorr   .            (no gloves)
SInv    .            (no boots)
Will    .....        i - amulet of reflection Stlth
                     r - +6 ring of strength
HPRegen 0.32/turn    (no ring)
MPRegen 0.10/turn

%: reflection
@: no status effects
A: horns 2, retaliatory headbutt
a: Renounce Religion, Berserk, Trog's Hand


You were on level 5 of the Dungeon.
You worshipped Trog.
Trog was most pleased with you.
You visited 1 branch of the dungeon, and saw 5 of its levels.

You collected 374 gold pieces.

Inventory:

Hand Weapons
 w - a +0 war axe (weapon)
Missiles
 v - 5 javelins (quivered)
 y - 5 boomerangs
Armour
 k - a +0 plate armour (worn)
 x - a +0 cloak (worn)
Jewellery
 i - an amulet of reflection (around neck)
 r - a +6 ring of strength (left hand)
 u - a ring of positive energy
Wands
 a - a wand of charming (5)
 t - a wand of quicksilver (6)
Scrolls
 c - 2 scrolls of blinking {unknown}
 e - 9 scrolls of identify {unknown}
 j - a scroll of brand weapon {unknown}
 l - a scroll of noise {unknown}
 m - 2 scrolls of enchant armour {unknown}
 q - 2 scrolls of teleportation {unknown}
 s - a scroll of enchant weapon {unknown}
 z - 2 scrolls of fog {unknown}
 A - 2 scrolls of immolation {unknown}
 B - a scroll of magic mapping {unknown}
Potions
 b - a potion of flight {unknown}
 d - a potion of cancellation {unknown}
 f - 6 potions of curing {unknown}
 g - a potion of might {unknown}
 h - 2 potions of brilliance {unknown}
 n - 3 potions of degeneration {unknown}
 o - a potion of heal wounds {unknown}
 p - a potion of invisibility {unknown}


   Skills:
 + Level 7.0 Fighting
 + Level 7.0 Axes
 + Level 6.4 Armour
 + Level 5.8 Dodging


You had 7 spell levels left.
You didn't know any spells.
Your spell library was empty.

Dungeon Overview and Level Annotations

Branches:
Dungeon (5/15)             Temple (0/1) D:5

Altars:
Nemelex Xobeh
Wu Jian
Xom

Annotations:
D:5 2 transporters, ProbSom1Imp's ghost, novice MiGl


Innate Abilities, Weirdness & Mutations

You have a pair of horns on your head.
You reflexively headbutt those who attack you in melee.


Message History

You barely miss something. Something hits you. Something bites you!
Something draws strength from your injuries!
Something hits you! Something bites you.
Something draws strength from your injuries!
You slash something! You headbutt something.
Something hits you but does no damage. Something bites you.
Something draws strength from your injuries!
You slash something! Something hits you! Something bites you!
Something draws strength from your injuries!
You slash something! Something draws life force from you!
You closely miss something. Something hits you.
* * * LOW HITPOINT WARNING * * *
You block something's attack.
You closely miss something. Something hits you but does no damage.
Something bites you.
* * * LOW HITPOINT WARNING * * *
Something draws strength from your injuries!
You barely miss something. Your headbutt misses something.
You block something's attack. Something bites you but does no damage.
Something hits you.
* * * LOW HITPOINT WARNING * * *
Something bites you but does no damage.
You miss something. You headbutt something.
Something hits you but does no damage. Something bites you but does no damage.
You hit something. Something hits you but does no damage. Something bites you.
* * * LOW HITPOINT WARNING * * *
Something draws strength from your injuries!
You closely miss something. Your headbutt misses something.
Something hits you but does no damage. Something bites you but does no damage.
You barely miss something. Something hits you.
* * * LOW HITPOINT WARNING * * *
You block something's attack.
You slash something! Your headbutt misses something. Something hits you.
* * * LOW HITPOINT WARNING * * *
Something bites you.
* * * LOW HITPOINT WARNING * * *
Something draws strength from your injuries!
You closely miss something. You block something's attack.
Something bites you but does no damage. Something hits you!
You die...

##............. #...
....####..
#..##....###...
#..#..##.....[.
###.....#..####.#
###..........## ###
##..............####
#...................
#..@#)#...........##
#..{###.##.........[
##..###..#..........
#####..##[.........
##..#.....#...>.
##..###....#...#.
#..............##
##..#.........##.
#####.........#.


There were no monsters in sight!

Vanquished Creatures
  Edmund (D:4)
  A black bear (D:5)
  3 ogres
  An ice beast (D:5)
  A scorpion (D:5)
  A hound (D:4)
  2 jellies (D:2)
  3 orc priests
  Crazy Yiuf (D:3)
  3 orc wizards
  3 iguanas
  Terence (D:3)
  3 adders
  7 gnolls
  2 ufetubi
  3 worms
  3 dart slugs
  30 orcs
  6 ball pythons (D:1)
  5 bats
  12 endoplasms
  3 giant cockroaches
  2 goblins (D:3)
  8 hobgoblins
  5 jackals
  7 quokkas
  12 kobolds
  6 rats
135 creatures vanquished.

Vanquished Creatures (others)
  4 fungi
  7 toadstools (D:2)
11 creatures vanquished.

Grand Total: 146 creatures vanquished

Notes
Turn   | Place    | Note
-------+----------+-------------------------------------------
     0 | D:1      | LLlMATKO the Minotaur Berserker began the quest for the
                  | Orb.
     0 | D:1      | Reached XP level 1. HP: 19/19 MP: 0/0
   176 | D:1      | Reached XP level 2. HP: 26/27 MP: 1/1
   458 | D:1      | Reached ** piety under Trog
   969 | D:2      | Reached XP level 3. HP: 33/33 MP: 2/2
  1395 | D:2      | Reached XP level 4. HP: 21/41 MP: 3/3
  1921 | D:3      | Reached XP level 5. HP: 12/47 MP: 4/4
  2155 | D:3      | Found an ornate altar of the Wu Jian Council.
  2283 | D:3      | Noticed Terence
  2288 | D:3      | Killed Terence
  2289 | D:3      | Reached skill level 5 in Fighting
  2289 | D:3      | Reached skill level 5 in Axes
  2884 | D:3      | Found a runed translucent door.
  2885 | D:3      | Noticed Crazy Yiuf
  2892 | D:3      | Killed Crazy Yiuf
  2893 | D:3      | Reached XP level 6. HP: 56/56 MP: 5/5
  2989 | D:4      | Noticed Edmund
  2998 | D:4      | Killed Edmund
  3074 | D:4      | Found a sparkling altar of Nemelex Xobeh.
  3093 | D:4      | Reached skill level 5 in Armour
  3093 | D:4      | Reached XP level 7. HP: 49/62 MP: 6/6
  3175 | D:4      | Found a shimmering altar of Xom.
  3328 | D:4      | Reached *** piety under Trog
  3997 | D:5      | Entered Level 5 of the Dungeon
  4001 | D:5      | Found a staircase to the Ecumenical Temple.
  4009 | D:5      | Reached skill level 5 in Dodging
  4090 | D:5      | Reached XP level 8. HP: 71/71 MP: 7/7
  4182 | D:5      | Found a transporter.
  4186 | D:5      | Found a transporter.
  4187 | D:5      | Noticed ProbSom1Imp's ghost (novice MiGl)
  4506 | D:5      | HP: 2/73 [something (4)]
  4508 | D:5      | Mangled by a vampire

Illustrated notes

Levels and vault maps discovered:
D:1:      minmay_arrival_stone_box, layout_basic, minmay_cupped
D:2:      cheibrodos_fertilizer, layout_loops_ring
D:3:      layout_basic, nzn_wu_jian_council_hall, minmay_misc_feat_tower,
          grunt_decor_cap, guppyfry_early_orc_mine, uniq_crazy_yiuf_cottage,
          uniq_terence
D:4:      layout_basic, lemuel_crystal_altar, xom_redecorated, uniq_edmund
D:5:      layout_cave_pools, minmay_temple_entry_tees, gammafunk_ghost_mausoleum

Skill      XL: |  1  2  3  4  5  6  7  8 |
---------------+-------------------------+-----
Axes           | 4 5 6 7 |  7.0
Fighting       | 4 5 6 7 |  7.0
Armour         | 3 4 5 6 |  6.4
Dodging        | 3 4 5 |  5.8

Action                     |  1- 3 |  4- 6 |  7- 9 || total
---------------------------+-------+-------+-------++-------
  Melee: Hand axe          |    73 |    17 |       ||    90
         Headbutt          |    12 |    19 |    12 ||    43
         War axe           |       |    90 |    96 ||   186
         Punch             |       |     3 |     1 ||     4
 Invoke: Berserk           |       |     4 |     1 ||     5
   Stab: Sleeping          |     1 |       |       ||     1
 Armour: Animal skin       |    11 |       |       ||    11
         Scale mail        |     2 |       |       ||     2
         Plate armour      |    19 |    41 |    61 ||   121
  Dodge: Dodged            |    39 |    48 |    26 ||   113
  Block: Other             |     9 |    22 |    18 ||    49
         Reflection        |     1 |       |       ||     1
